 Dungeon Crawl Stone Soup version 0.30-a0-1043-g60ff8d5f49 (webtiles) character file.

Game seed: 6290196989586380473

144 greenreed the Grave Robber (level 5, 0/35 HPs)
             Began as a Demonspawn Necromancer on Apr 9, 2023.
             Slain by an orc wizard
             ... wielding a +0 dagger
              (1 damage)
             ... on level 4 of the Dungeon.
             The game lasted 00:08:44 (3133 turns).

greenreed the Grave Robber (Demonspawn Necromancer) Turns: 3133, Time: 00:08:44

Health: 0/35       AC:  6    Str:  8    XL:     5   Next: 5%
Magic:  0/10       EV: 12    Int: 18    God:
Gold:   223        SH:  0    Dex: 14    Spells: 9/10 levels left

rFire   . . .      SeeInvis .    (no weapon)
rCold   . . .      Faith    .    (no shield)
rNeg    . . .      Spirit   .    a - +0 robe
rPois   .          Reflect  .    (no helmet)
rElec   .          Rampage  .    (no cloak)
rCorr   .                        e - +0 pair of gloves
Will    .....                    (no boots)
Stlth   ++                       i - amulet of the acrobat
HPRegen 0.25/turn                (no ring)
MPRegen 0.12/turn                (no ring)

@: no status effects
A: hooves 1, icy blue scales 2, demonic guardian 1
a: no special abilities


You were on level 4 of the Dungeon.
You visited 1 branch of the dungeon, and saw 4 of its levels.

You collected 223 gold pieces.

Inventory:

Armour
 a - a +0 robe (worn)
 e - a +0 pair of gloves (worn)
Jewellery
 i - an amulet of the acrobat (around neck)
 p - a ring of poison resistance
Scrolls
 c - a scroll of silence {unknown}
 f - 2 scrolls of amnesia {unknown}
 k - a scroll of teleportation {unknown}
 l - a scroll of poison {unknown}
 m - 2 scrolls of identify {unknown}
 o - a scroll of fog {unknown}
 q - 2 scrolls of acquirement {unknown}
 r - a scroll of summoning {unknown}
Potions
 b - a potion of magic
 d - 2 potions of curing {unknown}
 g - 2 potions of attraction {unknown}
 h - 2 potions of degeneration {unknown}
 j - a potion of resistance {unknown}
 n - a potion of flight {unknown}


   Skills:
 + Level 2.6 Dodging
 - Level 1.9 Stealth
 * Level 3.3 Spellcasting
 * Level 5.6 Necromancy


You had 9 spell levels left.
You knew the following spells:

 Your Spells              Type           Power      Damage    Failure   Level
a - Necrotise             Necr           92%        1d8       1%          1

Your spell library contained the following spells:

 Spells                   Type           Power      Damage    Failure   Level
 Vampiric Draining        Necr           23%        2d7       4%          3
 Apportation              Tloc           6%         N/A       16%         1
 Animate Dead             Necr           23%        N/A       16%         4
 Agony                    Necr           23%        N/A       41%         5
 Alistair's Intoxication  Tmut/Pois      2%         N/A       99%         5


Dungeon Overview and Level Annotations

Branches:
Dungeon (4/15)
 Temple: D:4-7

Altars:


Innate Abilities, Weirdness & Mutations

You have large cloven feet.
You are mostly covered in icy blue scales. (AC +3)
A weak demonic guardian rushes to your aid.


Message History

You hear some strange, mumbled words.
Something tries to affect you, but you resist.
Unknown command.
Casting: Necrotise (safe; 1% risk of failure)
Confirm with . or Enter, or press ? or * to list all spells.
You don't know that spell.
Unknown command.
Casting: Necrotise (safe; 1% risk of failure)
Confirm with . or Enter, or press ? or * to list all spells.
Aiming: Necrotise (safe; 1% risk of failure)
Press: ? - help, Shift-Dir - straight line Nothing appears to happen.
Something hits you but does no damage.
Unknown command.
You hit something. Your kick misses something.
Something hits you but does no damage.
You hit something but do no damage. Something hits you but does no damage.
You barely miss something. Something hits you but does no damage.
You closely miss something. Something hits you.
* * * LOW HITPOINT WARNING * * *
You hit something.
You hear some strange, mumbled words.
A puff of flame appears from out of thin air!
The puff of flame hits you!
* * * LOW HITPOINT WARNING * * *
A demonic guardian appears!
You closely miss something.
You hear some strange, mumbled words.
A magic dart appears from out of thin air!
The magic dart hits you.
* * * LOW HITPOINT WARNING * * *
Your shadow imp hits something.
You miss something. Your kick misses something.
Something hits you but does no damage.
Your shadow imp barely misses something.
Casting: Necrotise (safe; 1% risk of failure)
Confirm with . or Enter, or press ? or * to list all spells.
Aiming: Necrotise (safe; 1% risk of failure)
Press: ? - help, Shift-Dir - straight line Nothing appears to happen.
Something hits you.
You die...

#.#.# #.#.#
..#.# ###.#
#.# #.#
##### #5#
#...# #{#
#.#.### #@#
#.#..<# #.#
#.##### #.#
#.#
#.#######.#
#.........#
###########


You could see a friendly shadow imp (summoned).

Vanquished Creatures
  7 gnolls
  A worm (D:4)
  A dart slug (D:3)
  7 orcs (D:3)
  4 bats
  3 endoplasms
  3 giant cockroaches
  5 goblins
  4 hobgoblins
  7 jackals (D:1)
  2 quokkas (D:3)
  3 ball pythons
  4 frilled lizards
  6 kobolds
  2 rats
59 creatures vanquished.

Vanquished Creatures (collateral kills)
  A hobgoblin (D:1)
  A frilled lizard (D:3)
  A rat (D:1)
3 creatures vanquished.

Grand Total: 62 creatures vanquished

Notes
Turn   | Place    | Note
-------+----------+-------------------------------------------
     0 | D:1      | greenreed the Demonspawn Necromancer began the quest for
                  | the Orb.
     0 | D:1      | Reached XP level 1. HP: 13/13 MP: 3/3
   296 | D:1      | Gained mutation: You are partially covered in icy blue
                  | scales. (AC +2) [demonic ancestry]
   296 | D:1      | Reached XP level 2. HP: 19/19 MP: 3/5
   762 | D:1      | Gained mutation: You are mostly covered in icy blue scales.
                  | (AC +3) [demonic ancestry]
   762 | D:1      | Reached XP level 3. HP: 11/24 MP: 0/6
  1430 | D:2      | Noticed a golden eye
  1434 | D:2      | Noticed a golden eye
  1439 | D:2      | Found a faded altar of an unknown god.
  1441 | D:2      | Noticed a shining eye
  1441 | D:2      | Noticed a floating eye
  1712 | D:3      | Reached skill level 5 in Necromancy
  1977 | D:3      | Gained mutation: A weak demonic guardian rushes to your
                  | aid. [demonic ancestry]
  1977 | D:3      | Reached XP level 4. HP: 30/30 MP: 0/8
  2835 | D:3      | Gained mutation: You have large cloven feet. [demonic
                  | ancestry]
  2835 | D:3      | Reached XP level 5. HP: 32/35 MP: 4/9
  3131 | D:4      | HP: 1/35 [something/magic dart (3)]
  3133 | D:4      | Slain by an orc wizard

Illustrated notes

Levels and vault maps discovered:
D:1:      grunt_arrival_lava_bath, layout_basic, nrook_loot_triangle
D:2:      layout_loops_ring, hellmonk_ecumenical_altar_watching_god,
          due_unseen_surprise
D:3:      layout_basic
D:4:      layout_basic, minmay_a_box_with_orc_wizards_in_it

Skill      XL: |  1  2  3  4 |
---------------+-------------+-----
Dodging        | 2 |  2.6
Necromancy     | 5 |  5.6
Spellcasting   | 3 |  3.3
Stealth        | |  1.9

Action                     |  1- 3 |  4- 6 || total
---------------------------+-------+-------++-------
  Melee: Unarmed           |    33 |    27 ||    60
         Punch             |     1 |       ||     1
   Cast: Necrotise         |    92 |    62 ||   154
 Armour: Robe              |    18 |    19 ||    37
  Dodge: Dodged            |    56 |    34 ||    90

Table legend: (Time is in decaauts)
 A = Elapsed time spent in this place.
 B = Non-inter-level travel time spent in this place.
 C = Inter-level travel time spent in this place.
 D = Time resting spent in this place.
 E = Time spent auto-exploring this place.
 F = Levels seen in this place.
 G = Mean time per level.
                   A        B        C        D        E       F      G
               +--------+--------+--------+--------+--------+-----+--------+
         Total |   3134 |   3035 |     99 |    289 |   2188 |   4 |  783.5 |
       Dungeon |   3134 |   3035 |     99 |    289 |   2188 |   4 |  783.5 |
               +--------+--------+--------+--------+--------+-----+--------+

Top non-repeatable levels by time:
     D:3: 1045 daAuts
     D:2: 983 daAuts
     D:1: 976 daAuts
     D:4: 129 daAuts
